 Dungeon Crawl Stone Soup version 0.27.0-1-g7a089689b8 (webtiles) character file.

Game seed: 6913275529056663172

3 Brandom the Magician (level 1, -1/9 HPs)
             Began as a Vine Stalker Hedge Wizard on Aug 1, 2021.
             Slain by a jackal (2 damage)
             ... on level 1 of the Dungeon.
             The game lasted 00:00:35 (90 turns).

Brandom the Magician (Vine Stalker Hedge Wizard)      Turns: 90, Time: 00:00:36

Health: -1/9       AC:  2    Str: 12    XL:     1   Next: 50%
Magic:  0/5        EV: 12    Int: 14    God:
Gold:   0          SH:  0    Dex: 13    Spells: 5/6 levels left

rFire    . . .     SeeInvis .   a - +0 dagger
rCold    . . .     Faith    .   (no shield)
rNeg     . . .     Spirit   +   b - +0 robe
rPois    .         Reflect  .   c - +0 hat
rElec    .         Harm     .   (no cloak)
rCorr    .         Rampage  .   (no gloves)
Will     .....                  (no boots)
Stlth    ++........             (no amulet)
HPRegen  0.03/turn              (no ring)
MPRegen  0.09/turn              (no ring)

@: no status effects
A: fangs 2, magic shield, antimagic bite, no potion heal 2
a: no special abilities


You were on level 1 of the Dungeon.
You visited 1 branch of the dungeon, and saw 1 of its levels.

Inventory:

Hand Weapons
 a - a +0 dagger (weapon)
Armour
 b - a +0 robe (worn)
 c - a +0 hat (worn)


   Skills:
 + Level 0.2 Fighting
 + Level 0.2 Short Blades
 + Level 1.6 Dodging
 + Level 2.5 Stealth
 - Level 3.2 Spellcasting
 - Level 1.0 Conjurations
 - Level 1.0 Summonings
 - Level 1.0 Translocations


You had 5 spell levels left.
You knew the following spells:

 Your Spells              Type           Power      Damage    Failure   Level
a - Magic Dart            Conj           20%        1d4       14%         1

Your spell library contained the following spells:

 Spells                   Type           Power      Damage    Failure   Level
 Blink                    Tloc           N/A        N/A       22%         2
 Call Imp                 Summ           5%         N/A       22%         2
 Slow                     Hex            2%         N/A       32%         2
 Conjure Flame            Conj/Fire      3%         6-21      45%         3
 Mephitic Cloud           Conj/Pois/Air  3%         N/A       50%         3


Dungeon Overview and Level Annotations

Branches:
Dungeon (1/15)

Altars:


Innate Abilities, Weirdness & Mutations

You have extremely sharp teeth.
When hurt, damage is shared between your health and your magic reserves.
Your bite disrupts and absorbs the magic of your enemies.
Potions cannot restore your health.


Message History

The helpless kobold fails to defend itself.
You hit the kobold.
You kill the kobold!
Found 26 stones and a mace.
A goblin comes into view. It is wielding a +0 club.
A jackal comes into view.
Found a pair of boots.
A rat and a jackal come into view.
The goblin shouts!
The jackal barks!
You hear an angry hiss.
A ball python comes into view.
The jackal barks!
A goblin comes into view. It is wielding a +3 dagger.
The goblin shouts!
The jackal bites you.
Found a scroll labelled HORRADDOUFY.
The jackal bites you. The goblin hits you with a +0 club.
* * * LOW HITPOINT WARNING * * *
You are too injured to fight recklessly!
You are too injured to fight recklessly!
You are too injured to fight recklessly!
You are too injured to fight recklessly!
You are too injured to fight recklessly!
You are too injured to fight recklessly!
You are too injured to fight recklessly!
You are too injured to fight recklessly!
You are too injured to fight recklessly!
You are too injured to fight recklessly!
You are too injured to fight recklessly!
You are too injured to fight recklessly!
You barely miss the jackal. You bite the jackal. You drain its power.
You feel invigorated. The jackal bites you.
You hit the jackal. The jackal bites you.
* * * LOW HITPOINT WARNING * * *
The jackal closely misses you.
You closely miss the jackal. The jackal bites you.
* * * LOW HITPOINT WARNING * * *
You hit the jackal.
You kill the jackal!
The jackal barely misses you.
Unknown command.
You closely miss the jackal. You bite the jackal, but do no damage.
The jackal bites you.
* * * LOW HITPOINT WARNING * * *
You closely miss the jackal.
A ball python comes into view.
The jackal barely misses you.
Unknown command.
You completely miss the jackal. The jackal closely misses you.
The jackal bites you.
You die...

.........# #......
......)(.# #).....
.........# #......
.........# #####......
.........# ##..........
........#####..#####....
.#............##########
######.#..#####.....##
#@##............##
.#########h############...#
.........rgS[...#....#....#
....g.....g######.##.'.....
.........### #....#.....
?......#.# #....#.....
......S#.. #<...+.....
.........## #....#.)...
.......#.# #....#.....


You could see a jackal, 2 goblins, 2 ball pythons and a rat.

Vanquished Creatures
  A jackal (D:1)
  A quokka (D:1)
  A kobold (D:1)
3 creatures vanquished.

Notes
Turn   | Place    | Note
-------+----------+-------------------------------------------
     0 | D:1      | Brandom the Vine Stalker Hedge Wizard began the quest for
                  | the Orb.
     0 | D:1      | Reached XP level 1. HP: 9/9 MP: 5/5
    90 | D:1      | Slain by a jackal

Illustrated notes

Levels and vault maps discovered:
D:1:      lemuel_arrival_behind_the_door_small, layout_rooms, serial_shops, shop

Action                   || total
-------------------------++-------
Melee: Dagger            ||     8
       Bite              ||     2
 Cast: Magic Dart        ||     3
 Stab: Sleeping          ||     1
Dodge: Dodged            ||     4
